 Dungeon Crawl Stone Soup version 0.20.1-1-g8b1a95d (webtiles) character file.

81 manon the Firebug (level 4, -6/24 HPs)
             Began as a Gargoyle Fire Elementalist on Nov 12, 2017.
             Mangled by a gnoll
             ... wielding a +0 club
              (7 damage)
             ... on level 2 of the Dungeon.
             The game lasted 00:04:31 (1666 turns).

manon the Firebug (Gargoyle Fire Elementalist)      Turns: 1666, Time: 00:04:32

Health: -6/24      AC:  5    Str: 11    XL:     4   Next: 42%
Magic:  6/7        EV: 12    Int: 17    God:
Gold:   96         SH:  0    Dex: 10    Spells: 3/7 levels left

rFire    . . .     SeeInvis .   b - +0 hunting sling
rCold    . . .     Gourm    .   (no shield)
rNeg     + . .     Faith    .   s - +0 robe
rPois    ∞         Spirit   .   (no helmet)
rElec    +         Reflect  .   (no cloak)
rCorr    .         Harm     .   (no gloves)
MR       .....                  (no boots)
Stlth    ++........             (no amulet)
Regen    0.1/turn               (no ring)
MPRegen  0.1/turn               (no ring)

@: no status effects
A: negative energy resistance 1, electricity resistance, unbreathing,
petrification resistance, rot immunity, AC +3
a: no special abilities


You were on level 2 of the Dungeon.
You were not hungry.

You visited 1 branch of the dungeon, and saw 2 of its levels.

You collected 96 gold pieces.

Inventory:

Hand Weapons
 a - a +1 short sword of holy wrath
 b - a +0 hunting sling (weapon)
 d - a +0 dagger
Missiles
 e - 17 poisoned needles
 g - 47 stones (quivered)
Armour
 i - a +0 shield
 s - a +0 robe (worn)
Magical Staves
 q - an uncursed staff of poison {unknown}
Jewellery
 j - an uncursed amulet of harm {unknown}
Scrolls
 f - a scroll of identify {unknown}
 k - 2 scrolls of remove curse {unknown}
 m - 3 scrolls of teleportation {unknown}
 o - a scroll of amnesia {unknown}
 p - a scroll of blinking {unknown}
Potions
 h - a potion of curing {unknown}
 l - a potion of cancellation {unknown}
Books
 r - a book of Flames

   Spells                             Type                      Level
   a - Flame Tongue                   Conjuration/Fire             1
   b - Throw Flame                    Conjuration/Fire             2
   c - Conjure Flame                  Conjuration/Fire             3
   d - Inner Flame                    Hexes/Fire                   3
   e - Sticky Flame                   Conjuration/Fire             4
   f - Fireball                       Conjuration/Fire             5
Comestibles
 c - 4 bread rations
 n - 2 chunks of flesh


   Skills:
 - Level 1.5 Dodging
 - Level 2.1 Stealth
 - Level 2.0 Spellcasting
 * Level 3.5 Conjurations
 + Level 3.9 Fire Magic


You had 3 spell levels left.
You knew the following spells:

 Your Spells              Type           Power        Failure   Level  Hunger
a - Flame Tongue          Conj/Fire      ##...        4%          1    #......
c - Conjure Flame         Conj/Fire      ##......     12%         3    ###....


Dungeon Overview and Level Annotations

Branches:
Dungeon (2/15)

Altars:

Annotations:
D:2 Natasha


Innate Abilities, Weirdness & Mutations

You are resistant to torment.
Your stone body is resilient. (AC +3)
You are immune to poison.
You resist negative energy. (rN+)
You are resistant to electric shocks. (rElec)
You can survive without breathing.
You are immune to petrification.
You are immune to rotting.


Message History

The bat hits you but does no damage.
The crimson imp shouts, "Out, out, thou paunchy pigeon-egg harpy!"
The crimson imp hits you but does no damage.
The bat hits you but does no damage. The gnoll closely misses you.
The bat hits you but does no damage.
The crimson imp blinks! x2
The crimson imp shouts, "Get thee gone, thou pecksniffian ill-nurtured deadneck!"
The crimson imp disappears in a puff of smoke!
The bat barely misses you. The bat hits you.
* * * LOW HITPOINT WARNING * * *
The gnoll misses you.
There is a stone staircase leading up here.
You feel yourself speed up. The bat hits you but does no damage.
The gnoll closely misses you.
Natasha stares at you and mumbles some strange words.
The magic dart hits you!
* * * LOW HITPOINT WARNING * * *
The gnoll hits you but does no damage. The bat misses you.
The gnoll hits you with a club!
You die...

#...############.#######.# #...#
##### #.# #.# ###...# #...# #.#
#.#
....######...#####.#######.######
........†..........÷..........÷..
####.######.####.#.#######.####.#
#.# #÷####........##.# #.# #.#
###.#.g5........##.# #.# #.#
#......g@)......##.####.# #.#
#......ghb......##......# #.#
#....5g.........######### #.#
#...............# #.#
#.........####### #.##
#.........# ####..###.........#
..................#
......)...........#


You could see Natasha, 4 gnolls, 2 crimson imps and a bat.

Vanquished Creatures
  Natasha (D:2)
  An adder (D:2)
  An ooze (D:1)
  2 worms
  2 dart slugs
  3 leopard geckos
  7 goblins
  A hobgoblin (D:1)
  2 jackals (D:1)
  2 kobolds
  A quokka (D:2)
  4 bats
  2 frilled lizards
  2 rats (D:1)
31 creatures vanquished.

Notes
Turn   | Place    | Note
-------+----------+-------------------------------------------
     0 | D:1      | manon the Gargoyle Fire Elementalist began the quest for the Orb.
     0 | D:1      | Reached XP level 1. HP: 10/10 MP: 3/3
   101 | D:1      | Reached XP level 2. HP: 15/15 MP: 3/5
   608 | D:1      | Reached XP level 3. HP: 19/19 MP: 4/6
   677 | D:1      | Learned a level 3 spell: Conjure Flame
  1073 | D:2      | Noticed Natasha
  1586 | D:2      | Killed Natasha
  1586 | D:2      | Reached XP level 4. HP: 24/24 MP: 3/7
  1642 | D:2      | Noticed Natasha
  1666 | D:2      | HP: 1/24 [Natasha/magic dart (2)]
  1666 | D:2      | Mangled by a gnoll

Skill      XL: |  1  2  3 |
---------------+----------+-----
Conjurations   | 2 3 |  3.5
Dodging        | |  1.5
Stealth        | |  2.1
Spellcasting   | |  2.0
Fire Magic     | |  3.9

Action                   |  1- 3 |  4- 6 || total
-------------------------+-------+-------++-------
Melee: Dagger            |    41 |       ||    41
 Fire: Hunting sling     |     6 |       ||     6
Throw: Stone             |    14 |       ||    14
 Cast: Flame Tongue      |    34 |     5 ||    39
 Stab: Sleeping          |     2 |       ||     2
       Distracted        |     1 |       ||     1
  Eat: Chunk             |     3 |       ||     3
Armor: Robe              |    24 |    15 ||    39
Dodge: Dodged            |    40 |    19 ||    59
